 Dungeon Crawl Stone Soup version 0.23-a0-629-gae4348f (webtiles) character file.

6668 RexLacerta the Fighter (level 10, -6/94 HPs)
             Began as a Green Draconian Berserker on Dec 25, 2018.
             Was an Elder of Trog.
             Killed from afar by an acid dragon (16 damage)
             ... with a splash of acid
             ... on level 11 of the Dungeon on Dec 26, 2018.
             The game lasted 00:24:08 (10122 turns).

RexLacerta the Fighter (Green Draconian Berserker) Turns: 10122, Time: 00:24:09

Health: -6/94      AC: 15    Str: 19    XL:     10   Next: 73%
Magic:  10/10      EV: 18    Int:  7    God:    Trog [****..]
Gold:   562        SH:  0    Dex: 15    Spells: 9/9 levels left

rFire    . . .     SeeInvis .   a - +3 war axe (chop)
rCold    + . .     Gourm    +   (no shield)
rNeg     . . .     Faith    .   (armour unavailable)
rPois    +         Spirit   .   (helmet restricted)
rElec    .         Reflect  .   (no cloak)
rCorr    .         Harm     .   m - +1 pair of gloves
MR       ++...                  B - +2 pair of boots
Stlth    +.........             f - amulet of the gourmand
HPRegen  1.25/turn              G - +3 ring of protection
MPRegen  0.12/turn              n - ring of protection from cold

@: short of breath, berserk cooldown, regenerating, slowed, very slow
A: breathe noxious fumes, unfitting armour, poison resistance, cold-blooded, AC
+7
a: Breathe Noxious Fumes, Berserk, Trog's Hand, Brothers in Arms, Renounce
Religion


You were on level 11 of the Dungeon.
You worshipped Trog.
Trog was greatly pleased with you.
You were full.

You visited 1 branch of the dungeon, and saw 11 of its levels.

You collected 562 gold pieces.

Inventory:

Hand Weapons
 a - a +3 war axe of chopping (weapon)
 b - a +0 hunting sling
 t - a +1 falchion
Missiles
 i - 66 sling bullets
 w - 9 tomahawks (quivered)
 A - 11 javelins
Armour
 m - a +1 pair of gloves (worn)
 B - a +2 pair of boots (worn)
Jewellery
 f - an amulet of the gourmand (around neck)
 n - a ring of protection from cold (right hand)
 G - a +3 ring of protection (left hand)
Wands
 F - a wand of polymorph (7)
Scrolls
 e - a scroll of teleportation
 g - 2 scrolls of enchant weapon
 p - a scroll of fog
 q - a scroll of fear
 x - 3 scrolls of remove curse
 y - 2 scrolls of magic mapping {unknown}
 D - a scroll of amnesia {unknown}
 E - a scroll of immolation {unknown}
Potions
 c - 3 potions of haste
 d - 2 potions of mutation
 k - 3 potions of flight
 o - 2 potions of agility
 s - a potion of cancellation {unknown}
 u - 2 potions of brilliance
 z - a potion of resistance
Comestibles
 j - 25 rations
 v - a chunk of flesh


   Skills:
 + Level 10.7 Fighting
 * Level 10.1 Long Blades
 + Level 9.2 Dodging


You had 9 spell levels left.
You didn't know any spells.
Your spell library was empty.

Dungeon Overview and Level Annotations

Branches:
Dungeon (11/15)            Temple (0/1) D:6
   Lair: D:8-11         Orc: D:9-12

Altars:
Cheibriados
Fedhas
Kikubaaqudgha
Ru
The Shining One

Shops:
D:7 (   D:10 *


Innate Abilities, Weirdness & Mutations

You can breathe blasts of noxious fumes.
Your lurid green scales are hard. (AC +7)
You cannot fit into any form of body armour.
Your system is resistant to poisons. (rPois)
You are cold-blooded and may be slowed by cold attacks.


Message History

The wyvern is engulfed in noxious fumes.
The wyvern appears confused.
The wyvern is engulfed in noxious fumes.
The wyvern appears confused.
The wyvern bites you!
* * * LOW HITPOINT WARNING * * *
You catch the helpless wyvern completely off-guard!
You hit the wyvern.
You tail-slap the wyvern, but do no damage.
The wyvern is almost dead.
The wyvern is engulfed in noxious fumes.
The wyvern appears confused.
The wyvern completely misses you.
The wyvern is engulfed in noxious fumes.
The wyvern appears confused.
You kill the wyvern!
Trog accepts your kill. The acid dragon misses you.
The acid dragon closely misses you.
You hit the acid dragon but do no damage.
The acid dragon spits acid at you. The splash of acid hits you!
You die...

######
#..D@#
#.(####
... .


You could see an acid dragon.

Vanquished Creatures
  Pikel (D:8)
  The ghost of zkyp the Cleaver, a novice TeGl of Trog (D:6)
  A komodo dragon (D:11)
  A troll (D:10)
  2 hippogriffs (D:9)
  2 wyverns (D:11)
  A wraith (D:10)
  A hungry ghost (D:6)
  A water moccasin (D:9)
  An ice beast (D:5)
  3 sky beasts
  2 black bears (D:9)
  3 slaves (D:8)
  4 ogres
  4 centaurs
  2 phantoms
  2 bullfrogs
  A gnoll sergeant (D:6)
  A water moccasin zombie (D:7)
  2 scorpions
  11 killer bees
  4 wights (D:7)
  9 howler monkeys
  A crimson imp (D:6)
  A quasit (D:9)
  2 bullfrog zombies
  6 hounds
  2 jellies
  11 orc priests
  10 orc wizards
  A centaur skeleton (D:4)
  Jessica (D:3)
  An iguana (D:4)
  10 worker ants
  3 hound skeletons
  A worker ant zombie (D:5)
  12 adders
  3 gnolls (D:6)
  2 shadow imps
  2 adder skeletons
  2 worms
  11 leopard geckos
  45 orcs
  5 giant cockroaches
  10 goblins
  7 hobgoblins
  14 jackals
  6 quokkas
  A ball python (D:1)
  5 bats
  8 frilled lizards
  3 kobolds
  A quokka zombie (D:9)
  6 rats
253 creatures vanquished.

Vanquished Creatures (collateral kills)
  3 killer bees
3 creatures vanquished.

Vanquished Creatures (others)
  A slave (D:8)
  3 toadstools (D:3)
4 creatures vanquished.

Grand Total: 260 creatures vanquished

Notes
Turn   | Place    | Note
-------+----------+-------------------------------------------
     0 | D:1      | RexLacerta the Draconian Berserker began the quest for the
                  | Orb.
     0 | D:1      | Reached XP level 1. HP: 19/19 MP: 1/1
   225 | D:1      | Reached XP level 2. HP: 21/26 MP: 2/2
   907 | D:2      | Reached ** piety under Trog
   930 | D:2      | Reached XP level 3. HP: 18/33 MP: 3/3
  1574 | D:2      | Reached XP level 4. HP: 15/40 MP: 4/4
  1907 | D:3      | Reached XP level 5. HP: 20/46 MP: 5/5
  2248 | D:3      | Found a snail-covered altar of Cheibriados.
  2313 | D:3      | Reached skill level 5 in Long Blades
  2435 | D:3      | Reached *** piety under Trog
  2435 | D:3      | Reached XP level 6. HP: 33/53 MP: 6/6
  2558 | D:3      | Noticed Jessica
  2569 | D:3      | Killed Jessica
  2959 | D:4      | Reached skill level 5 in Fighting
  3349 | D:4      | Received a gift from Trog
  3575 | D:4      | Your scales start taking on a lurid green colour.
  3575 | D:4      | Reached XP level 7. HP: 46/61 MP: 7/7
  3575 | D:4      | Gained mutation: Your system is resistant to poisons.
                  | (rPois) [Green Draconian growth]
  3925 | D:4      | Found a glowing golden altar of the Shining One.
  4086 | D:5      | Entered Level 5 of the Dungeon
  4086 | D:5      | Found a blossoming altar of Fedhas.
  4599 | D:5      | Reached skill level 5 in Dodging
  4599 | D:5      | Reached XP level 8. HP: 36/70 MP: 8/8
  4817 | D:5      | Reached **** piety under Trog
  5553 | D:6      | Found a transporter.
  5589 | D:6      | Found a transporter.
  5590 | D:6      | Noticed zkyp's ghost (novice TeGl)
  5717 | D:6      | Killed zkyp's ghost
  5745 | D:6      | Got a bloodstained war axe
  5774 | D:6      | Identified the cursed +2 war axe "Rupluwko" {protect, -Tele
                  | +Rage rF- Int+5} (You found it on level 6 of the Dungeon)
  5940 | D:6      | Found a staircase to the Ecumenical Temple.
  5981 | D:6      | Reached XP level 9. HP: 62/79 MP: 9/9
  6815 | D:7      | Found Raquy's Antique Weapon Shop.
  7153 | D:7      | Reached ***** piety under Trog
  7722 | D:8      | Noticed Pikel
  7733 | D:8      | Killed Pikel
  7761 | D:8      | Reached XP level 10. HP: 82/91 MP: 10/10
  8494 | D:9      | Reached skill level 10 in Fighting
  8805 | D:9      | Received a gift from Trog
  9100 | D:10     | Entered Level 10 of the Dungeon
  9231 | D:10     | Found a sacrificial altar of Ru.
  9239 | D:10     | Received a gift from Trog
  9244 | D:10     | Noticed a two-headed ogre
  9786 | D:9      | You fall through a shaft!
  9997 | D:10     | Found Ciwid's Wicked Wares.
  9997 | D:10     | Found an ancient bone altar of Kikubaaqudgha.
 10089 | D:10     | Noticed a gargoyle
 10095 | D:11     | Noticed a cyan ugly thing
 10105 | D:11     | Reached skill level 10 in Long Blades
 10109 | D:11     | HP: 6/141 [wyvern (14)]
 10120 | D:11     | HP: 4/94 [wyvern (10)]
 10122 | D:11     | Killed from afar by an acid dragon

Vault maps used:
D:1:      roderic_dead_forest, minmay_misc_feat_pillars, serial_bayou_lagoon_b
D:2:      minmay_lizard_pond
D:3:      cheibriados_altar_1, minmay_gold_behind_fungi, uniq_jessica
D:4:      minmay_chambers_of_threes, first_ration, grunt_ministairs_12,
          tso_altar
D:5:      fedhas_bush_and_centaur_altar
D:6:      minmay_temple_entry_grid, gammafunk_ghost_mausoleum,
          hangedman_decor_push
D:7:      serial_shops, shop
D:8:      uniq_pikel
D:9:      grunt_ogre_cave
D:10:     basic_altar, special_room, hangedman_decor_clover_reticule,
          nicolae_evil_shop, uniq_maurice
D:11:     erik_lair_dragon

Skill      XL: |  1  2  3  4  5  6  7  8  9 10 |
---------------+-------------------------------+-----
Dodging        | 3 4 5 6 7 9 |  9.2
Long Blades    | 4 5 6 7 9 10 | 10.1
Fighting       | 4 5 6 7 9 10 | 10.7

Action                   |  1- 3 |  4- 6 |  7- 9 | 10-12 || total
-------------------------+-------+-------+-------+-------++-------
Melee: Falchion          |   113 |   122 |       |       ||   235
       Tailslap          |    19 |    23 |    37 |    23 ||   102
       War axe           |       |    18 |   255 |   193 ||   466
 Fire: Hunting sling     |       |     5 |       |     1 ||     6
Throw: Tomahawk          |       |     9 |    12 |     3 ||    24
       Throwing net      |       |       |       |     3 ||     3
Invok: Berserk           |     1 |     4 |     6 |     3 ||    14
       Trog's Hand       |       |     1 |     1 |     3 ||     5
       Brothers in Arms  |       |       |       |     3 ||     3
 Abil: Breathe Noxious F |       |       |     8 |     9 ||    17
  Use: Scroll            |     1 |       |    15 |     6 ||    22
       Potion            |       |     2 |       |     3 ||     5
 Stab: Confused          |       |       |     4 |     6 ||    10
       Distracted        |       |       |       |     1 ||     1
       Sleeping          |       |       |       |     1 ||     1
  Eat: Chunk             |     5 |    19 |    28 |    11 ||    63
Armor: Skin              |    23 |    46 |   117 |   110 ||   296
Dodge: Dodged            |    87 |   166 |   312 |   276 ||   841
       Rpst.: Falchion   |    25 |    54 |       |       ||    79

Table legend:
 A = Non-vault XP
 B = Vault XP
 C = Vault XP percentage of total XP
 D = Non-vault monster count
 E = Vault monster count
 F = Vault count percentage of total count
                 A         B        C        D         E       F
            +---------+---------+-------+---------+---------+-------
      Total |    7080 |    2447 |  25.7 |     228 |      25 |   9.9
            +---------+---------+-------+---------+---------+-------
        D:1 |      37 |       0 |   0.0 |      21 |       0 |   0.0
        D:2 |      73 |       5 |   6.4 |      18 |       5 |  21.7
        D:3 |     300 |      37 |  11.0 |      31 |       1 |   3.1
        D:4 |     266 |     188 |  41.4 |      10 |      10 |  50.0
        D:5 |     711 |     118 |  14.2 |      25 |       1 |   3.8
        D:6 |     679 |     762 |  52.9 |      26 |       3 |  10.3
        D:7 |    1357 |       0 |   0.0 |      29 |       0 |   0.0
        D:8 |     661 |     641 |  49.2 |      17 |       1 |   5.6
        D:9 |    1637 |     116 |   6.6 |      29 |       1 |   3.3
       D:10 |    1154 |       3 |   0.3 |      21 |       1 |   4.5
       D:11 |     205 |     577 |  73.8 |       1 |       2 |  66.7
            +---------+---------+-------+---------+---------+-------
